Workbook

Sheet Index of Accounts and Lines 
A1: Operational Accounts
A2: 5 | B2: Administrative
A3: =A2+10 -> 15 | B3: May Conference
A4: =A3+10 -> 25 | B4: Long Island Conference
A5: =A4+10 -> 35 | B5: Western Conference
A6: =A5+10 -> 45 | B6: Regional Meetings and Classes
A7: =A6+10 -> 55 | B7: Prior Year
A8: =A7+10 -> 65 | B8: Miscellaneous Income
A9: Income Line Items
A10: 101 | B10: Dues
A11: 102 | B11: Interest
A12: 103 | B12: Miscellaneous
A13: 104 | B13: Vendors
A14: 105 | B14: Attendees
A15: 106 | B15: Scholarship Income/Registrations
A16: 107 | B16: Event Sponsor Income
A17: 108 | B17: General
A19: Expense Lines
A20: 201 | B20: Hotel Invoice
A21: 202 | B21: Travel Board members
A22: 203 | B22: Speakers Fees
A23: 204 | B23: Equipment
A24: 205 | B24: Postage
A25: 206 | B25: Supplies
A26: 207 | B26: Giveaways/Raffle Items/Prizes
A27: 208 | B27: 2nd Evening Event
A28: 209 | B28: Miscellaneous Expenses
A30: 210 | B30: Gifts
A31: 211 | B31: Insurance
A32: 212 | B32: Bank Charges and Fees
... A43: 223 | B43: General

Sheet Original Budget List
A1: Original Sequence | B1: Account | C1: Account Description | D1: Line | E1: Line Description | F1: 2015 Proposed
A2: 1 | B2: 5 | C2: Administrative | D2: 101 | E2: Dues | F2: 25000
A3: =A2+1 -> 2 | B3: 5 | C3: Administrative | D3: 102 | E3: Interest | F3: 100
A4: =A3+1 -> 3 | B4: 5 | C4: Administrative | D4: 103 | E4: Miscellaneous | F4: 0
A5: =A4+1 -> 4 | B5: 15 | C5: May Conference | D5: 104 | E5: Vendors | F5: 52500
A6: =A5+1 -> 5 | B6: 15 | C6: May Conference | D6: 105 | E6: Attendees | F6: 28000
A7: =A6+1 -> 6 | B7: 15 | C7: May Conference | D7: 106 | E7: Scholarship Income/Registrations | F7: 4000
A8: =A7+1 -> 7 | B8: 15 | C8: May Conference | D8: 107 | E8: Event Sponsor Income | F8: 0
A9: =A8+1 -> 8 | B9: 25 | C9: Long Island Conference | D9: 104 | E9: Vendors | F9: 54500
A10: =A9+1 -> 9 | B10: 25 | C10: Long Island Conference | D10: 105 | E10: Attendees | F10: 16000
A11: =A10+1 -> 10 | B11: 25 | C11: Long Island Conference | D11: 106 | E11: Scholarship Income/Registrations | F11: 2000
A12: =A11+1 -> 11 | B12: 25 | C12: Long Island Conference | D12: 107 | E12: Event Sponsor Income | F12: 0
A13: =A12+1 -> 12 | B13: 35 | C13: Western Conference | D13: 104 | E13: Vendors | F13: 33500
A14: =A13+1 -> 13 | B14: 35 | C14: Western Conference | D14: 105 | E14: Attendees | F14: 3000
... A31: =A30+1 -> 30 | B31: 5 | C31: Administrative | D31: 213 | E31: Dues/Subscriptions (other than NIGP) | F31: 0
A32: =A31+1 -> 31 | B32: 5 | C32: Administrative | D32: 214 | E32: NIGP | F32: ='Breakdown of Blue Boxes '!B7 -> 13730
A33: =A32+1 -> 32 | B33: 5 | C33: Administrative | D33: 215 | E33: Advertising | F33: 360
A34: =A33+1 -> 33 | B34: 5 | C34: Administrative | D34: 217 | E34: Board Meetings | F34: 1200
A35: =A34+1 -> 34 | B35: 5 | C35: Administrative | D35: 220 | E35: Scholarships | F35: 20000
A36: =A35+1 -> 35 | B36: 5 | C36: Administrative | D36: 221 | E36: Retreat | F36: 0
A37: =A36+1 -> 36 | B37: 5 | C37: Administrative | D37: 222 | E37: Professional Fees | F37: ='Breakdown of Blue Boxes '!B18 -> 40110
A38: =A37+1 -> 37 | B38: 15 | C38: May Conference | D38: 201 | E38: Hotel Invoice | F38: 36000
A39: =A38+1 -> 38 | B39: 15 | C39: May Conference | D39: 202 | E39: Travel Board members | F39: 3000
A40: =A39+1 -> 39 | B40: 15 | C40: May Conference | D40: 203 | E40: Speakers Fees | F40: 2000
A41: =A40+1 -> 40 | B41: 15 | C41: May Conference | D41: 204 | E41: Equipment | F41: 200
A42: =A41+1 -> 41 | B42: 15 | C42: May Conference | D42: 205 | E42: Postage | F42: 200
A43: =A42+1 -> 42 | B43: 15 | C43: May Conference | D43: 206 | E43: Supplies | F43: 2000
A44: =A43+1 -> 43 | B44: 15 | C44: May Conference | D44: 207 | E44: Giveaways/Raffle Items/Prizes | F44: 1800
A45: =A44+1 -> 44 | B45: 15 | C45: May Conference | D45: 208 | E45: 2nd Evening Event | F45: 11000
A46: =A45+1 -> 45 | B46: 15 | C46: May Conference | D46: 209 | E46: Miscellaneous Expenses | F46: 100
A47: =A46+1 -> 46 | B47: 25 | C47: Long Island Conference | D47: 201 | E47: Hotel Invoice | F47: 35000
A48: =A47+1 -> 47 | B48: 25 | C48: Long Island Conference | D48: 202 | E48: Travel Board members | F48: 2000
A49: =A48+1 -> 48 | B49: 25 | C49: Long Island Conference | D49: 203 | E49: Speakers Fees | F49: 2000
... A68: =A67+1 -> 67 | B68: 65 | C68: Miscellaneous Expenditures | D68: 223 | E68: General | F68: 0

Sheet Breakdown of Blue Boxes 
A1: NIGP
A2: Dues (510 members @$8) | B2: 4080
A3: NIGP Forum | B3: 6500
A4: NIGP national officer support | B4: 2000
A5: NIGP membership officer | B5: 400
A6: NIGP Leadership Symposium | B6: 750
A7: Total | B7: =SUM(B2:B6) -> 13730
A10: Professional Fees
A11: Tax Preparation and Audit | B11: 1975
A12: Consulting/ Semi Annual Audit | B12: 5000
A13: Taxes Due Filing Fees | B13: 35
A14: Professional Fees - Contract Labor | B14: 24000
A15: Merchant Fees | B15: 4500
A16: Website | B16: 4000
A17: Minutes | B17: 600
A18: Total | B18: =SUM(B11:B17) -> 40110
A20: Hotel May
A21: Board Members hotel rooms
A22: Event Space Rentals
A23: Scholarship rooms
A24: Food and Beverage
A25: Audio Visual
A26: Total
A28: Hotel Long Island
A29: Board Members hotel rooms
A30: Event Space Rentals
A31: Scholarship rooms
A32: Food and Beverage
... A44: Travel for board members - Administrative

Sheet Line by Line rollup 
A1: Account | B1: Account Description | C1: Line | D1: Line Description | E1: 2015 Proposed
A2: 5 | B2: Administrative | C2: 101 | D2: Dues | E2: 25000
D3: DUES TOTAL | E3: =SUM(E2) -> 25000
A5: 5 | B5: Administrative | C5: 102 | D5: Interest | E5: 100
D6: INTEREST TOTAL | E6: =SUM(E5) -> 100
A8: 5 | B8: Administrative | C8: 103 | D8: Miscellaneous | E8: 0
D9: MISCELLANEOUS INCOME TOTAL | E9: =SUM(E8) -> 0
A11: 15 | B11: May Conference | C11: 104 | D11: Vendors | E11: 54000
A12: 25 | B12: Long Island Conference | C12: 104 | D12: Vendors | E12: 55000
A13: 35 | B13: Western Conference | C13: 104 | D13: Vendors | E13: 34050
A14: 45 | B14: Regional Meetings and Classes | C14: 104 | D14: Vendors | E14: 0
D15: VENDORS TOTAL | E15: =SUM(E11:E14) -> 143050
A17: 15 | B17: May Conference | C17: 105 | D17: Attendees | E17: 28000
A18: 25 | B18: Long Island Conference | C18: 105 | D18: Attendees | E18: 16000
A19: 35 | B19: Western Conference | C19: 105 | D19: Attendees | E19: 3000
A20: 45 | B20: Regional Meetings and Classes | C20: 105 | D20: Attendees | E20: 0
D21: ATTENDEES TOTAL | E21: =SUM(E17:E20) -> 47000
A23: 15 | B23: May Conference | C23: 106 | D23: Scholarship Income/Registrations | E23: 5000
A24: 25 | B24: Long Island Conference | C24: 106 | D24: Scholarship Income/Registrations | E24: 2500
A25: 35 | B25: Western Conference | C25: 106 | D25: Scholarship Income/Registrations | E25: 2500
A26: 45 | B26: Regional Meetings and Classes | C26: 106 | D26: Scholarship Income/Registrations | E26: 0
D27: SCHOLARSHIP INCOME TOTAL | E27: =SUM(E23:E26) -> 10000
A29: 15 | B29: May Conference | C29: 107 | D29: Event Sponsor Income | E29: 0
A30: 25 | B30: Long Island Conference | C30: 107 | D30: Event Sponsor Income | E30: 0
A31: 35 | B31: Western Conference | C31: 107 | D31: Event Sponsor Income | E31: 0
A32: 45 | B32: Regional Meetings and Classes | C32: 107 | D32: Event Sponsor Income | E32: 0
D33: EVENT SPONSOR INCOME TOTAL | E33: =SUM(E29:E32) -> 0
A35: 55 | B35: Prior Year | C35: 108 | D35: General | E35: 0
A36: 65 | B36: Miscellaneous Income | C36: 108 | D36: General | E36: 0
D37: GENERAL INCOME TOTAL | E37: =SUM(E35:E36) -> 0
D38: TOTAL INCOME | E38: =SUM(E37,E33,E27,E21,E15,E9,E6,E3) -> 225150
A40: 15 | B40: May Conference | C40: 201 | D40: Hotel Invoice | E40: 36000
A41: 25 | B41: Long Island Conference | C41: 201 | D41: Hotel Invoice | E41: 35000
A42: 35 | B42: Western Conference | C42: 201 | D42: Hotel Invoice | E42: 26250
D43: HOTEL INVOICE TOTAL | E43: =SUM(E40:E42) -> 97250
A45: 5 | B45: Administrative | C45: 202 | D45: Travel Board members | E45: 10000
A46: 15 | B46: May Conference | C46: 202 | D46: Travel Board members | E46: 3000
A47: 25 | B47: Long Island Conference | C47: 202 | D47: Travel Board members | E47: 2000
A48: 35 | B48: Western Conference | C48: 202 | D48: Travel Board members | E48: 2500
D49: TRAVEL BOARD MEMBERS TOTAL | E49: =SUM(E45:E48) -> 17500
A51: 15 | B51: May Conference | C51: 203 | D51: Speakers Fees | E51: 2000
A52: 25 | B52: Long Island Conference | C52: 203 | D52: Speakers Fees | E52: 2000
A53: 35 | B53: Western Conference | C53: 203 | D53: Speakers Fees | E53: 2000
D54: SPEAKERS FEES TOTAL | E54: =SUM(E51:E53) -> 6000
A56: 5 | B56: Administrative | C56: 204 | D56: Equipment | E56: 1200
A57: 15 | B57: May Conference | C57: 204 | D57: Equipment | E57: 200
A58: 25 | B58: Long Island Conference | C58: 204 | D58: Equipment | E58: 200
A59: 35 | B59: Western Conference | C59: 204 | D59: Equipment | E59: 200
D60: EQUIPMENT TOTAL | E60: =SUM(E56:E59) -> 1800
A62: 5 | B62: Administrative | C62: 205 | D62: Postage | E62: 100
A63: 15 | B63: May Conference | C63: 205 | D63: Postage | E63: 200
A64: 25 | B64: Long Island Conference | C64: 205 | D64: Postage | E64: 200
A65: 35 | B65: Western Conference | C65: 205 | D65: Postage | E65: 200
D66: POSTAGE TOTAL | E66: =SUM(E62:E65) -> 700
A68: 5 | B68: Administrative | C68: 206 | D68: Supplies | E68: 400
A69: 15 | B69: May Conference | C69: 206 | D69: Supplies | E69: 2000
A70: 25 | B70: Long Island Conference | C70: 206 | D70: Supplies | E70: 2000
A71: 35 | B71: Western Conference | C71: 206 | D71: Supplies | E71: 2000
D72: SUPPLIES TOTAL | E72: =SUM(E68:E71) -> 6400
A74: 15 | B74: May Conference | C74: 207 | D74: Giveaways/Raffle Items/Prizes | E74: 1800
A75: 25 | B75: Long Island Conference | C75: 207 | D75: Giveaways/Raffle Items/Prizes | E75: 1500
A76: 35 | B76: Western Conference | C76: 207 | D76: Giveaways/Raffle Items/Prizes | E76: 1500
D77: GIVEAWAYS TOTAL | E77: =SUM(E74:E76) -> 4800
A79: 15 | B79: May Conference | C79: 208 | D79: 2nd Evening Event | E79: 11000
A80: 25 | B80: Long Island Conference | C80: 208 | D80: 2nd Evening Event | E80: 0
A81: 35 | B81: Western Conference | C81: 208 | D81: 2nd Evening Event | E81: 0
D82: 2ND EVENING TOTAL | E82: =SUM(E79:E81) -> 11000
A84: 5 | B84: Administrative | C84: 209 | D84: Miscellaneous Expenses | E84: 0
A85: 15 | B85: May Conference | C85: 209 | D85: Miscellaneous Expenses | E85: 100
A86: 25 | B86: Long Island Conference | C86: 209 | D86: Miscellaneous Expenses | E86: 100
A87: 35 | B87: Western Conference | C87: 209 | D87: Miscellaneous Expenses | E87: 100
A88: 45 | B88: Regional Meetings and Classes | C88: 209 | D88: Miscellaneous Expenses | E88: 0
D89: MISCELLANEOUS EXPENSES TOTAL | E89: =SUM(E84:E88) -> 300
A91: 5 | B91: Administrative | C91: 210 | D91: Gifts | E91: 200
D92: GIFTS TOTAL | E92: =SUM(E91) -> 200
A94: 5 | B94: Administrative | C94: 211 | D94: Insurance | E94: 1700
D95: INSURANCE TOTAL | E95: =SUM(E94) -> 1700
A97: 5 | B97: Administrative | C97: 212 | D97: Bank Charges and Fees | E97: 300
D98: BANK CHARGES TOTAL | E98: =SUM(E97) -> 300
A100: 5 | B100: Administrative | C100: 213 | D100: Dues/Subscriptions (other than NIGP) | E100: 0
D101: DUES NON NIGP TOTAL | E101: =SUM(E100) -> 0
A103: 5 | B103: Administrative | C103: 214 | D103: NIGP | E103: ='Breakdown of Blue Boxes '!B7 -> 13730
D104: NIGP TOTAL | E104: =SUM(E103) -> 13730
A106: 5 | B106: Administrative | C106: 215 | D106: Advertising | E106: 360
D107: ADVERTISING TOTAL | E107: =SUM(E106) -> 360
A109: 5 | B109: Administrative | C109: 217 | D109: Board Meetings | E109: 1200
D110: BOARD MEETINGS TOTAL | E110: =SUM(E109) -> 1200
A112: 5 | B112: Administrative | C112: 220 | D112: Scholarships | E112: 20000
D113: SCHOLARSHIPS TOTAL | E113: =SUM(E112) -> 20000
A115: 5 | B115: Administrative | C115: 221 | D115: Retreat | E115: 0
D116: RETREAT TOTAL | E116: =SUM(E115) -> 0
A118: 5 | B118: Administrative | C118: 222 | D118: Professional Fees | E118: ='Breakdown of Blue Boxes '!B18 -> 40110
D119: PROFESSIONAL FEES TOTAL | E119: =SUM(E118) -> 40110
A121: 45 | B121: Regional Meetings and Classes | C121: 223 | D121: General | E121: 1800
A122: 55 | B122: Prior Year | C122: 223 | D122: General | E122: 0
A123: 65 | B123: Miscellaneous Expenditures | C123: 223 | D123: General | E123: 0
D124: GENERAL EXPENSES TOTAL | E124: =SUM(E121:E123) -> 1800
D125: EXPENSES TOTAL | E125: =SUM(E124,E119,E116,E113,E110,E107,E104,E101,E98,E95,E92,E89,E82,E77,E72,E66,E60,E54,E49,E43) -> 225150

Sheet Line by Line Summary
A1: ='Line by Line rollup '!D3 -> DUES TOTAL | B1: ='Line by Line rollup '!E3 -> 25000
A2: ='Line by Line rollup '!D6 -> INTEREST TOTAL | B2: ='Line by Line rollup '!E6 -> 100
A3: ='Line by Line rollup '!D9 -> MISCELLANEOUS INCOME TOTAL | B3: ='Line by Line rollup '!E9 -> 0
A4: ='Line by Line rollup '!D15 -> VENDORS TOTAL | B4: ='Line by Line rollup '!E15 -> 143050
A5: ='Line by Line rollup '!D21 -> ATTENDEES TOTAL | B5: ='Line by Line rollup '!E21 -> 47000
A6: ='Line by Line rollup '!D27 -> SCHOLARSHIP INCOME TOTAL | B6: ='Line by Line rollup '!E27 -> 10000
A7: ='Line by Line rollup '!D33 -> EVENT SPONSOR INCOME TOTAL | B7: ='Line by Line rollup '!E33 -> 0
A8: ='Line by Line rollup '!D37 -> GENERAL INCOME TOTAL | B8: ='Line by Line rollup '!E37 -> 0
A9: ='Line by Line rollup '!D38 -> TOTAL INCOME | B9: ='Line by Line rollup '!E38 -> 225150
A11: ='Line by Line rollup '!D43 -> HOTEL INVOICE TOTAL | B11: ='Line by Line rollup '!E43 -> 97250
A12: ='Line by Line rollup '!D49 -> TRAVEL BOARD MEMBERS TOTAL | B12: ='Line by Line rollup '!E49 -> 17500
A13: ='Line by Line rollup '!D54 -> SPEAKERS FEES TOTAL | B13: ='Line by Line rollup '!E54 -> 6000
A14: ='Line by Line rollup '!D60 -> EQUIPMENT TOTAL | B14: ='Line by Line rollup '!E60 -> 1800
A15: ='Line by Line rollup '!D66 -> POSTAGE TOTAL | B15: ='Line by Line rollup '!E66 -> 700
A16: ='Line by Line rollup '!D72 -> SUPPLIES TOTAL | B16: ='Line by Line rollup '!E72 -> 6400
A17: ='Line by Line rollup '!D77 -> GIVEAWAYS TOTAL | B17: ='Line by Line rollup '!E77 -> 4800
A18: ='Line by Line rollup '!D82 -> 2ND EVENING TOTAL | B18: ='Line by Line rollup '!E82 -> 11000
A19: ='Line by Line rollup '!D89 -> MISCELLANEOUS EXPENSES TOTAL | B19: ='Line by Line rollup '!E89 -> 300
A20: ='Line by Line rollup '!D92 -> GIFTS TOTAL | B20: ='Line by Line rollup '!E92 -> 200
A21: ='Line by Line rollup '!D95 -> INSURANCE TOTAL | B21: ='Line by Line rollup '!E95 -> 1700
A22: ='Line by Line rollup '!D98 -> BANK CHARGES TOTAL | B22: ='Line by Line rollup '!E98 -> 300
A23: ='Line by Line rollup '!D101 -> DUES NON NIGP TOTAL | B23: ='Line by Line rollup '!E101 -> 0
A24: ='Line by Line rollup '!D104 -> NIGP TOTAL | B24: ='Line by Line rollup '!E104 -> 13730
A25: ='Line by Line rollup '!D107 -> ADVERTISING TOTAL | B25: ='Line by Line rollup '!E107 -> 360
A26: ='Line by Line rollup '!D110 -> BOARD MEETINGS TOTAL | B26: ='Line by Line rollup '!E110 -> 1200
A27: ='Line by Line rollup '!D113 -> SCHOLARSHIPS TOTAL | B27: ='Line by Line rollup '!E113 -> 20000
A28: ='Line by Line rollup '!D116 -> RETREAT TOTAL | B28: ='Line by Line rollup '!E116 -> 0
A29: ='Line by Line rollup '!D119 -> PROFESSIONAL FEES TOTAL | B29: ='Line by Line rollup '!E119 -> 40110
A30: ='Line by Line rollup '!D124 -> GENERAL EXPENSES TOTAL | B30: ='Line by Line rollup '!E124 -> 1800
A31: ='Line by Line rollup '!D125 -> EXPENSES TOTAL | B31: ='Line by Line rollup '!E125 -> 225150

Sheet Income, Expenses by unit
A1: Account | B1: Account Description | C1: Line | D1: Line Description | E1: 2015 Proposed
A2: 5 | B2: Administrative | C2: 101 | D2: Dues | E2: 25000
A3: 5 | B3: Administrative | C3: 102 | D3: Interest | E3: 100
A4: 5 | B4: Administrative | C4: 103 | D4: Miscellaneous | E4: 0
B5: Total Administrative Income | E5: =SUM(E2:E4) -> 25100
A7: 15 | B7: May Conference | C7: 104 | D7: Vendors | E7: 54000
A8: 15 | B8: May Conference | C8: 105 | D8: Attendees | E8: 28000
A9: 15 | B9: May Conference | C9: 106 | D9: Scholarship Income/Registrations | E9: 5000
A10: 15 | B10: May Conference | C10: 107 | D10: Event Sponsor Income | E10: 0
B11: Total May Conference Income | E11: =SUM(E7:E10) -> 87000
A13: 25 | B13: Long Island Conference | C13: 104 | D13: Vendors | E13: 55000
A14: 25 | B14: Long Island Conference | C14: 105 | D14: Attendees | E14: 16000
A15: 25 | B15: Long Island Conference | C15: 106 | D15: Scholarship Income/Registrations | E15: 2500
A16: 25 | B16: Long Island Conference | C16: 107 | D16: Event Sponsor Income | E16: 0
B17: Total Long Island Conference Income | E17: =SUM(E13:E16) -> 73500
A19: 35 | B19: Western Conference | C19: 104 | D19: Vendors | E19: 34050
A20: 35 | B20: Western Conference | C20: 105 | D20: Attendees | E20: 3000
A21: 35 | B21: Western Conference | C21: 106 | D21: Scholarship Income/Registrations | E21: 2500
A22: 35 | B22: Western Conference | C22: 107 | D22: Event Sponsor Income | E22: 0
B23: Total Western Conference Income | E23: =SUM(E19:E22) -> 39550
A25: 45 | B25: Regional Meetings and Classes | C25: 104 | D25: Vendors | E25: 0
A26: 45 | B26: Regional Meetings and Classes | C26: 105 | D26: Attendees | E26: 0
A27: 45 | B27: Regional Meetings and Classes | C27: 106 | D27: Scholarship Income/Registrations | E27: 0
A28: 45 | B28: Regional Meetings and Classes | C28: 107 | D28: Event Sponsor Income | E28: 0
B29: Total Regional Meetings income | E29: =SUM(E25:E28) -> 0
A31: 55 | B31: Prior Year | C31: 108 | D31: General | E31: 0
B32: Total Prior Year Income | E32: 0
A34: 65 | B34: Miscellaneous Income | C34: 108 | D34: General | E34: 0
B35: Total Miscellaneous Income | E35: 0
B36: TOTAL INCOME | E36: =SUM(E5,E11,E17,E23,E29,E32,E35) -> 225150
A38: 5 | B38: Administrative | C38: 204 | D38: Equipment | E38: 1200
A39: 5 | B39: Administrative | C39: 205 | D39: Postage | E39: 100
A40: 5 | B40: Administrative | C40: 206 | D40: Supplies | E40: 400
A41: 5 | B41: Administrative | C41: 202 | D41: Travel Board members | E41: 10000
A42: 5 | B42: Administrative | C42: 209 | D42: Miscellaneous Expenses | E42: 0
A43: 5 | B43: Administrative | C43: 210 | D43: Gifts | E43: 200
A44: 5 | B44: Administrative | C44: 211 | D44: Insurance | E44: 1700
A45: 5 | B45: Administrative | C45: 212 | D45: Bank Charges and Fees | E45: 300
A46: 5 | B46: Administrative | C46: 213 | D46: Dues/Subscriptions (other than NIGP) | E46: 0
A47: 5 | B47: Administrative | C47: 214 | D47: NIGP | E47: ='Breakdown of Blue Boxes '!B7 -> 13730
A48: 5 | B48: Administrative | C48: 215 | D48: Advertising | E48: 360
A49: 5 | B49: Administrative | C49: 217 | D49: Board Meetings | E49: 1200
A50: 5 | B50: Administrative | C50: 220 | D50: Scholarships | E50: 20000
A51: 5 | B51: Administrative | C51: 221 | D51: Retreat | E51: 0
A52: 5 | B52: Administrative | C52: 222 | D52: Professional Fees | E52: ='Breakdown of Blue Boxes '!B18 -> 40110
B53: Total Administrative Expenses | E53: =SUM(E38:E52) -> 89300
A55: 15 | B55: May Conference | C55: 201 | D55: Hotel Invoice | E55: 36000
A56: 15 | B56: May Conference | C56: 202 | D56: Travel Board members | E56: 3000
A57: 15 | B57: May Conference | C57: 203 | D57: Speakers Fees | E57: 2000
A58: 15 | B58: May Conference | C58: 204 | D58: Equipment | E58: 200
A59: 15 | B59: May Conference | C59: 205 | D59: Postage | E59: 200
A60: 15 | B60: May Conference | C60: 206 | D60: Supplies | E60: 2000
A61: 15 | B61: May Conference | C61: 207 | D61: Giveaways/Raffle Items/Prizes | E61: 1800
A62: 15 | B62: May Conference | C62: 208 | D62: 2nd Evening Event | E62: 11000
A63: 15 | B63: May Conference | C63: 209 | D63: Miscellaneous Expenses | E63: 100
B64: Total May Conference Expenses | E64: =SUM(E55:E63) -> 56300
A66: 25 | B66: Long Island Conference | C66: 201 | D66: Hotel Invoice | E66: 35000
A67: 25 | B67: Long Island Conference | C67: 202 | D67: Travel Board members | E67: 2000
A68: 25 | B68: Long Island Conference | C68: 203 | D68: Speakers Fees | E68: 2000
A69: 25 | B69: Long Island Conference | C69: 204 | D69: Equipment | E69: 200
A70: 25 | B70: Long Island Conference | C70: 205 | D70: Postage | E70: 200
A71: 25 | B71: Long Island Conference | C71: 206 | D71: Supplies | E71: 2000
A72: 25 | B72: Long Island Conference | C72: 207 | D72: Giveaways/Raffle Items/Prizes | E72: 1500
A73: 25 | B73: Long Island Conference | C73: 208 | D73: 2nd Evening Event | E73: 0
A74: 25 | B74: Long Island Conference | C74: 209 | D74: Miscellaneous Expenses | E74: 100
B75: Total Long Island Expenses | E75: =SUM(E66:E74) -> 43000
A77: 35 | B77: Western Conference | C77: 201 | D77: Hotel Invoice | E77: 26250
A78: 35 | B78: Western Conference | C78: 202 | D78: Travel Board members | E78: 2500
A79: 35 | B79: Western Conference | C79: 203 | D79: Speakers Fees | E79: 2000
A80: 35 | B80: Western Conference | C80: 204 | D80: Equipment | E80: 200
A81: 35 | B81: Western Conference | C81: 205 | D81: Postage | E81: 200
A82: 35 | B82: Western Conference | C82: 206 | D82: Supplies | E82: 2000
A83: 35 | B83: Western Conference | C83: 207 | D83: Giveaways/Raffle Items/Prizes | E83: 1500
A84: 35 | B84: Western Conference | C84: 208 | D84: 2nd Evening Event | E84: 0
A85: 35 | B85: Western Conference | C85: 209 | D85: Miscellaneous Expenses | E85: 100
B86: Total Western Conference | E86: =SUM(E77:E85) -> 34750
A88: 45 | B88: Regional Meetings and Classes | C88: 223 | D88: General | E88: 1800
A89: 45 | B89: Regional Meetings and Classes | C89: 209 | D89: Miscellaneous Expenses | E89: 0
B90: Total Regional Meeting Expenses | E90: =SUM(E88:E89) -> 1800
A92: 55 | B92: Prior Year | C92: 223 | D92: General | E92: 0
B93: Total Prior Year Expenses | E93: =SUM(E92) -> 0
A95: 65 | B95: Miscellaneous Expenditures | C95: 223 | D95: General | E95: 0
B96: Total Miscellaneous Expenses | E96: =SUM(E95) -> 0
B97: TOTAL EXPENSES | E97: =SUM(E53,E64,E75,E86,E90,E93,E96) -> 225150

Sheet Income, Expenses summary
A1: ='Income, Expenses by unit'!B5 -> Total Administrative Income | B1: ='Income, Expenses by unit'!E5 -> 25100
A2: ='Income, Expenses by unit'!B11 -> Total May Conference Income | B2: ='Income, Expenses by unit'!E11 -> 87000
A3: ='Income, Expenses by unit'!B17 -> Total Long Island Conference Income | B3: ='Income, Expenses by unit'!E17 -> 73500
A4: ='Income, Expenses by unit'!B23 -> Total Western Conference Income | B4: ='Income, Expenses by unit'!E23 -> 39550
A5: ='Income, Expenses by unit'!B29 -> Total Regional Meetings income | B5: ='Income, Expenses by unit'!E29 -> 0
A6: ='Income, Expenses by unit'!B32 -> Total Prior Year Income | B6: ='Income, Expenses by unit'!E32 -> 0
A7: ='Income, Expenses by unit'!B35 -> Total Miscellaneous Income | B7: ='Income, Expenses by unit'!E35 -> 0
A9: ='Income, Expenses by unit'!B36 -> TOTAL INCOME | B9: ='Income, Expenses by unit'!E36 -> 225150
A11: ='Income, Expenses by unit'!B53 -> Total Administrative Expenses | B11: ='Income, Expenses by unit'!E53 -> 89300
A12: ='Income, Expenses by unit'!B64 -> Total May Conference Expenses | B12: ='Income, Expenses by unit'!E64 -> 56300
A13: ='Income, Expenses by unit'!B75 -> Total Long Island Expenses | B13: ='Income, Expenses by unit'!E75 -> 43000
A14: ='Income, Expenses by unit'!B86 -> Total Western Conference | B14: ='Income, Expenses by unit'!E86 -> 34750
A15: ='Income, Expenses by unit'!B90 -> Total Regional Meeting Expenses | B15: ='Income, Expenses by unit'!E90 -> 1800
A16: ='Income, Expenses by unit'!B93 -> Total Prior Year Expenses | B16: ='Income, Expenses by unit'!E93 -> 0
A17: ='Income, Expenses by unit'!B96 -> Total Miscellaneous Expenses | B17: ='Income, Expenses by unit'!E96 -> 0
A19: ='Income, Expenses by unit'!B97 -> TOTAL EXPENSES | B19: ='Income, Expenses by unit'!E97 -> 225150

Sheet Unit I-E side by side 
A1: Account | B1: Account Description | C1: Line | D1: Line Description | E1: 2015 Proposed | G1: Account | H1: Account Description | I1: Line | J1: Line Description | K1: 2015 Proposed
A2: 5 | B2: Administrative | C2: 101 | D2: Dues | E2: 25000 | G2: 5 | H2: Administrative | I2: 204 | J2: Equipment | K2: 1200
A3: 5 | B3: Administrative | C3: 102 | D3: Interest | E3: 100 | G3: 5 | H3: Administrative | I3: 205 | J3: Postage | K3: 100
A4: 5 | B4: Administrative | C4: 103 | D4: Miscellaneous | E4: 0 | G4: 5 | H4: Administrative | I4: 206 | J4: Supplies | K4: 400
B5: Total Administrative Income | E5: =SUM(E2:E4) -> 25100 | G5: 5 | H5: Administrative | I5: 202 | J5: Travel Board members | K5: 10000
G6: 5 | H6: Administrative | I6: 209 | J6: Miscellaneous Expenses | K6: 0
G7: 5 | H7: Administrative | I7: 210 | J7: Gifts | K7: 200
G8: 5 | H8: Administrative | I8: 211 | J8: Insurance | K8: 1700
G9: 5 | H9: Administrative | I9: 212 | J9: Bank Charges and Fees | K9: 300
G10: 5 | H10: Administrative | I10: 213 | J10: Dues/Subscriptions (other than NIGP) | K10: 0
G11: 5 | H11: Administrative | I11: 214 | J11: NIGP | K11: ='Breakdown of Blue Boxes '!B7 -> 13730
G12: 5 | H12: Administrative | I12: 215 | J12: Advertising | K12: 360
G13: 5 | H13: Administrative | I13: 217 | J13: Board Meetings | K13: 1200
G14: 5 | H14: Administrative | I14: 220 | J14: Scholarships | K14: 20000
G15: 5 | H15: Administrative | I15: 221 | J15: Retreat | K15: 0
G16: 5 | H16: Administrative | I16: 222 | J16: Professional Fees | K16: ='Breakdown of Blue Boxes '!B18 -> 40110
H17: Total Administrative Expenses | K17: =SUM(K2:K16) -> 89300
A19: 15 | B19: May Conference | C19: 104 | D19: Vendors | E19: 54000 | G19: 15 | H19: May Conference | I19: 201 | J19: Hotel Invoice | K19: 36000
A20: 15 | B20: May Conference | C20: 105 | D20: Attendees | E20: 28000 | G20: 15 | H20: May Conference | I20: 202 | J20: Travel Board members | K20: 3000
A21: 15 | B21: May Conference | C21: 106 | D21: Scholarship Income/Registrations | E21: 5000 | G21: 15 | H21: May Conference | I21: 203 | J21: Speakers Fees | K21: 2000
A22: 15 | B22: May Conference | C22: 107 | D22: Event Sponsor Income | E22: 0 | G22: 15 | H22: May Conference | I22: 204 | J22: Equipment | K22: 200
B23: Total May Conference Income | E23: =SUM(E19:E22) -> 87000 | G23: 15 | H23: May Conference | I23: 205 | J23: Postage | K23: 200
G24: 15 | H24: May Conference | I24: 206 | J24: Supplies | K24: 2000
G25: 15 | H25: May Conference | I25: 207 | J25: Giveaways/Raffle Items/Prizes | K25: 1800
G26: 15 | H26: May Conference | I26: 208 | J26: 2nd Evening Event | K26: 11000
G27: 15 | H27: May Conference | I27: 209 | J27: Miscellaneous Expenses | K27: 100
H28: Total May Conference Expenses | K28: =SUM(K19:K27) -> 56300
A30: 25 | B30: Long Island Conference | C30: 104 | D30: Vendors | E30: 55000 | G30: 25 | H30: Long Island Conference | I30: 201 | J30: Hotel Invoice | K30: 35000
A31: 25 | B31: Long Island Conference | C31: 105 | D31: Attendees | E31: 16000 | G31: 25 | H31: Long Island Conference | I31: 202 | J31: Travel Board members | K31: 2000
A32: 25 | B32: Long Island Conference | C32: 106 | D32: Scholarship Income/Registrations | E32: 2500 | G32: 25 | H32: Long Island Conference | I32: 203 | J32: Speakers Fees | K32: 2000
A33: 25 | B33: Long Island Conference | C33: 107 | D33: Event Sponsor Income | E33: 0 | G33: 25 | H33: Long Island Conference | I33: 204 | J33: Equipment | K33: 200
B34: Total Long Island Conference Income | E34: =SUM(E30:E33) -> 73500 | G34: 25 | H34: Long Island Conference | I34: 205 | J34: Postage | K34: 200
G35: 25 | H35: Long Island Conference | I35: 206 | J35: Supplies | K35: 2000
G36: 25 | H36: Long Island Conference | I36: 207 | J36: Giveaways/Raffle Items/Prizes | K36: 1500
G37: 25 | H37: Long Island Conference | I37: 208 | J37: 2nd Evening Event | K37: 0
G38: 25 | H38: Long Island Conference | I38: 209 | J38: Miscellaneous Expenses | K38: 100
H39: Total Long Island Expenses | K39: =SUM(K30:K38) -> 43000
A41: 35 | B41: Western Conference | C41: 104 | D41: Vendors | E41: 34050 | G41: 35 | H41: Western Conference | I41: 201 | J41: Hotel Invoice | K41: 26250
A42: 35 | B42: Western Conference | C42: 105 | D42: Attendees | E42: 3000 | G42: 35 | H42: Western Conference | I42: 202 | J42: Travel Board members | K42: 2500
A43: 35 | B43: Western Conference | C43: 106 | D43: Scholarship Income/Registrations | E43: 2500 | G43: 35 | H43: Western Conference | I43: 203 | J43: Speakers Fees | K43: 2000
A44: 35 | B44: Western Conference | C44: 107 | D44: Event Sponsor Income | E44: 0 | G44: 35 | H44: Western Conference | I44: 204 | J44: Equipment | K44: 200
B45: Total Western Conference Income | E45: =SUM(E41:E44) -> 39550 | G45: 35 | H45: Western Conference | I45: 205 | J45: Postage | K45: 200
G46: 35 | H46: Western Conference | I46: 206 | J46: Supplies | K46: 2000
G47: 35 | H47: Western Conference | I47: 207 | J47: Giveaways/Raffle Items/Prizes | K47: 1500
G48: 35 | H48: Western Conference | I48: 208 | J48: 2nd Evening Event | K48: 0
G49: 35 | H49: Western Conference | I49: 209 | J49: Miscellaneous Expenses | K49: 100
H50: Total Western Conference | K50: =SUM(K41:K49) -> 34750
A52: 45 | B52: Regional Meetings and Classes | C52: 104 | D52: Vendors | E52: 0 | G52: 45 | H52: Regional Meetings and Classes | I52: 223 | J52: General | K52: 1800
A53: 45 | B53: Regional Meetings and Classes | C53: 105 | D53: Attendees | E53: 0 | G53: 45 | H53: Regional Meetings and Classes | I53: 209 | J53: Miscellaneous Expenses | K53: 0
A54: 45 | B54: Regional Meetings and Classes | C54: 106 | D54: Scholarship Income/Registrations | E54: 0 | H54: Total Regional Meeting Expenses | K54: =SUM(K52:K53) -> 1800
A55: 45 | B55: Regional Meetings and Classes | C55: 107 | D55: Event Sponsor Income | E55: 0
B56: Total Regional Meetings income | E56: =SUM(E52:E55) -> 0
A58: 55 | B58: Prior Year | C58: 108 | D58: General | E58: 0 | G58: 55 | H58: Prior Year | I58: 223 | J58: General | K58: 0
B59: Total Prior Year Income | E59: 0 | H59: Total Prior Year Expenses | K59: =SUM(K58) -> 0
A61: 65 | B61: Miscellaneous Income | C61: 108 | D61: General | E61: 0 | G61: 65 | H61: Miscellaneous Expenditures | I61: 223 | J61: General | K61: 0
B62: Total Miscellaneous Income | E62: 0 | H62: Total Miscellaneous Expenses | K62: =SUM(K61) -> 0
B63: TOTAL INCOME | E63: =SUM(E5,E23,E34,E45,E56,E59,E62) -> 225150 | H63: TOTAL EXPENSES | K63: =SUM(K17,K28,K39,K50,K54,K59,K62) -> 225150
